 Dungeon Crawl Stone Soup version 0.30.0-15-g856e2d3f33 (webtiles) character file.

Game seed: 16440171851266947674

49 DemonSlayer the Digger (level 3, -3/24 HPs)
             Began as a Demonspawn Earth Elementalist on May 19, 2023.
             Slain by an iguana (13 damage)
             ... on level 4 of the Dungeon.
             The game lasted 00:02:54 (1503 turns).

DemonSlayer the Digger (DsEE)                       Turns: 1503, Time: 00:02:55

Health: -3/24      AC:  2    Str:  8    XL:     3   Next: 51%
Magic:  0/6        EV: 12    Int: 16    God:
Gold:   64         SH:  0    Dex: 15    Spells: 6/7 levels left

rFire   . . .        d - +0 dagger
rCold   . . .        (no shield)
rNeg    . . .        a - +0 robe
rPois   .            (no helmet)
rElec   .            (no cloak)
rCorr   .            (no gloves)
SInv    .            (no boots)
Will    .....        (no amulet)
Stlth   ++           (no ring)
HPRegen 0.24/turn    (no ring)
MPRegen 0.10/turn

%: no passive effects
@: no status effects
A: hooves 1, weakness stinger 1
a: no special abilities


You were on level 4 of the Dungeon.
You visited 1 branch of the dungeon, and saw 3 of its levels.

You collected 64 gold pieces.

Inventory:

Hand Weapons
 d - a +0 dagger (weapon)
Armour
 a - a +0 robe (worn)
Scrolls
 c - a scroll of poison {unknown}
 f - 3 scrolls of identify {unknown}
 g - a scroll of teleportation {unknown}
 i - a scroll of blinking {unknown}
Potions
 e - a potion of resistance {unknown}
 h - a potion of mutation {unknown}


   Skills:
 + Level 0.2 Short Blades
 + Level 2.0 Dodging
 + Level 2.1 Stealth
 + Level 2.5 Spellcasting
 + Level 0.8 Transmutations
 + Level 3.4 Earth Magic


You had 6 spell levels left.
You knew the following spells:

 Your Spells              Type           Power      Damage    Failure   Level
a - Sandblast             Erth           26%        2d8       4%          1

Your spell library contained the following spells:

 Spells                   Type           Power      Damage    Failure   Level
 Passwall                 Tmut/Erth      6%         N/A       12%         2
 Apportation              Tloc           4%         N/A       21%         1
 Necrotise                Necr           8%         1d4       21%         1
 Summon Small Mammal      Summ           8%         N/A       21%         1
 Stone Arrow              Conj/Erth      14%        3d7       28%         3
 Swiftness                Air            2%         N/A       52%         3
 Petrify                  Tmut/Erth      8%         N/A       63%         4
 Summon Lightning Spire   Summ/Air       2%         N/A       89%         4
 Freezing Cloud           Conj/Ice/Air   1%         6-21      99%         5
 Conjure Ball Lightning   Conj/Air       1%         3x3d6     100%        6


Dungeon Overview and Level Annotations

Branches:
Dungeon (2/15)

Altars:


Innate Abilities, Weirdness & Mutations

You have large cloven feet.
You have a small tail.


Message History

You kill the orc!
The blast of sand hits the orc but does no damage.
The blast of sand hits the orc.
The orc is moderately wounded.
The orc misses you.
The blast of sand hits the orc.
The orc is severely wounded.
The orc hits you with a +0 short sword. The orc closely misses you.
You are out of magic!
You are out of magic!
You are out of magic!
You are out of magic!
Magic courses through your body. The iguana bites you.
The orc completely misses you.
The blast of sand hits the orc!
You kill the orc!
The iguana misses you.
The blast of sand hits the iguana but does no damage.
The iguana completely misses you. The iguana barely misses you.
The blast of sand hits the iguana but does no damage.
The iguana misses you.
The blast of sand hits the iguana but does no damage.
The iguana bites you. x2
The blast of sand hits the iguana.
The iguana is moderately wounded.
The iguana barely misses you.
The blast of sand hits the iguana but does no damage.
The iguana is moderately wounded.
The iguana misses you. The iguana bites you.
You are too injured to fight recklessly!
You are too injured to fight recklessly!
You are too injured to fight recklessly!
Casting: Sandblast (safe; 4% risk of failure)
Confirm with . or Enter, or press ? or * to list all spells.
Aiming: Sandblast (safe; 4% risk of failure)
Press: ? - help, Shift-Dir - straight line, f/p - iguana
Aim: an iguana (moderately wounded, 84% to hit)
The blast of sand misses the iguana.
The iguana bites you!
Ouch! That really hurt!
You die...

##... #### .....
##..##...##
#.........##.
............
#.........=
#####.........# ###
#.#.....)......
##..##@))...........
#......l............
###...#..........##.
####.###..........#
#.................#
#......#.....##..l#
#...........## ##..
#.............
###...........


You could see an iguana.

Vanquished Creatures
  An ufetubus (D:4)
  A worm (D:2)
  A dart slug (D:1)
  3 orcs (D:4)
  2 bats (D:1)
  6 endoplasms (D:1)
  4 goblins (D:1)
  2 hobgoblins (D:1)
  3 kobolds (D:1)
  7 ball pythons
  2 frilled lizards (D:1)
  3 rats (D:1)
35 creatures vanquished.

Notes
Turn   | Place    | Note
-------+----------+-------------------------------------------
     0 | D:1      | DemonSlayer the Demonspawn Earth Elementalist began the
                  | quest for the Orb.
     0 | D:1      | Reached XP level 1. HP: 13/13 MP: 3/3
   236 | D:1      | Got the Anthology of the Wind
   319 | D:1      | Reached skill level 3 in Earth Magic
   319 | D:1      | Discovered your monstrous ancestry.
   319 | D:1      | Gained mutation: You have large cloven feet. [demonic
                  | ancestry]
   319 | D:1      | Reached XP level 2. HP: 8/19 MP: 3/5
   944 | D:1      | Gained mutation: You have a small tail. [demonic ancestry]
   944 | D:1      | Reached XP level 3. HP: 24/24 MP: 4/6
  1466 | D:2      | You fall into a shaft and drop 2 floors!
  1503 | D:4      | Slain by an iguana

Illustrated notes

Levels and vault maps discovered:
D:1:      kennysheep_arrival_forest, layout_loops_corners, serial_forest,
          infiniplex_forest_lined_corner, infiniplex_forest_lined_4_way,
          infiniplex_forest_clump_medium, infiniplex_forest_lined_3,
          infiniplex_forest_clump_small, infiniplex_forest_clump_curved,
          infiniplex_forest_end_3
D:2:      layout_loops_ring
D:4:      layout_cave_pools, serial_shops, nicolae_shop_real_fake_doors,
          uniq_menkaure

Skill      XL: |  1  2  3 |
---------------+----------+-----
Earth Magic    | 3 |  3.4
Stealth        | 2 |  2.1
Dodging        | 2 |  2.0
Short Blades   | |  0.2
Spellcasting   | |  2.5
Transmutations | |  0.8

Action                     || total
---------------------------++-------
  Melee: Dagger            ||    17
         Kick              ||     3
         Tailslap          ||     1
   Cast: Sandblast         ||    53
    Use: Potion            ||     1
   Stab: Sleeping          ||     2
 Armour: Robe              ||     5
  Dodge: Dodged            ||    32
